[ AOE2 MATCH · #482019596 ]
UnrankedSpanish vs Byzantines
[ REPLAY ANALYSIS · EXTRACTED FROM THE RECORDED GAME ]
Feudal
3:26
Castle
6:56
Imperial
11:40
| APM avg | 28.9 |
| APM peak | 42 |
| eAPM avg | 24.8 |
| Villagers / military | 9 / 319 |
Focus
⚔️ 62.7% · 🌾 37.3%
Militia ×171 · Knight ×120 · Scout Cavalry ×25 · Petard ×3
Feudal
6:43
Castle
11:55
Imperial
—
| APM avg | 22.8 |
| APM peak | 59 |
| eAPM avg | 21.2 |
| Villagers / military | 22 / 665 |
Focus
⚔️ 72.4% · 🌾 27.6%
Militia ×535 · Knight ×130
Feudal
—
Castle
—
Imperial
—
| APM avg | 10.5 |
| APM peak | 28 |
| eAPM avg | 6.6 |
| Villagers / military | 4 / 82 |
Focus
⚔️ 48.3% · 🌾 51.7%
Militia ×82
Feudal
4:37
Castle
10:21
Imperial
—
| APM avg | 25.8 |
| APM peak | 48 |
| eAPM avg | 20.7 |
| Villagers / military | 12 / 165 |
Focus
⚔️ 76.1% · 🌾 23.9%
Knight ×83 · Militia ×30 · Throwing Axeman ×24 · Spearman ×18 · Skirmisher ×10
Feudal
5:44
Castle
—
Imperial
—
| APM avg | 9.0 |
| APM peak | 27 |
| eAPM avg | 4.8 |
| Villagers / military | 18 / 20 |
Focus
⚔️ 41.4% · 🌾 58.6%
Spearman ×20
Feudal
3:41
Castle
7:53
Imperial
—
| APM avg | 26.6 |
| APM peak | 43 |
| eAPM avg | 20.7 |
| Villagers / military | 44 / 164 |
Focus
⚔️ 62.8% · 🌾 37.2%
Militia ×101 · Knight ×63
Match map
Initial resources + every placement click. Lines = walls · curves = elevation contours. ◆ gold · ⬟ stone · ● berries · ✦ relic · ◌ wall gap
Your base· ✓ Closed at 6:56 · 0t walls · 3 gate(s)
alandanielhero's base· ✓ Closed at 11:55 · 0t walls · 2 gate(s)
iCantGo4that89's base· ✓ Closed at 12:00 · 0t walls · 2 gate(s)
zatta_lira's base· ✓ Closed at 10:21 · 0t walls · 2 gate(s)
jaimenovad's base· ✓ Closed at 7:10 · 0t walls · 3 gate(s)
Dr.Bojingle's base· ✓ Closed at 7:53 · 0t walls · 2 gate(s)
Smoothed initial terrain · ◌ = detected wall gap · hover for details
Inputs per minute
— mati_sj - - alandanielhero
Build order — mati_sj
First 150 of 250 actions detected
| 0:01 | Create | Villager (Male) |
| 0:01 | Create | Villager (Male) |
| 0:01 | Create | Villager (Male) |
| 0:03 | Build | House |
| 0:04 | Build | House |
| 0:33 | Build | Barracks |
| 0:37 | Build | Mill |
| 0:41 | Create | Villager (Male) |
| 0:59 | Build | Lumber Camp |
| 1:09 | Research | Feudal Age |
| 1:09 | Research | Feudal Age |
| 1:18 | Build | House |
| 1:21 | Build | House |
| 1:33 | Build | House |
| 1:33 | Build | House |
| 1:34 | Build | House |
| 1:34 | Build | House |
| 1:34 | Build | House |
| 1:34 | Build | House |
| 1:35 | Build | House |
| 1:40 | Build | Barracks |
| 1:42 | Build | Barracks |
| 1:44 | Build | Barracks |
| 1:58 | Create | Villager (Male) |
| 2:05 | Create | Villager (Male) |
| 2:12 | Build | Barracks |
| 2:23 | Build | Barracks |
| 2:50 | Create | Militia |
| 2:52 | Create | Militia |
| 2:52 | Create | Militia |
| 2:53 | Create | Militia |
| 2:54 | Create | Militia |
| 2:55 | Create | Militia |
| 3:00 | Create | Militia ×5 |
| 3:08 | Build | House |
| 3:08 | Build | House |
| 3:08 | Build | House |
| 3:09 | Build | House |
| 3:09 | Build | House |
| 3:09 | Build | House |
| 3:20 | Create | Militia ×5 |
| 3:26 | Age | Feudal Age |
| 3:28 | Build | Market |
| 3:33 | Build | Blacksmith |
| 3:43 | Research | Man-at-Arms (upgrade) |
| 3:44 | Research | Arson |
| 4:16 | Research | Castle Age |
| 4:16 | Research | Castle Age |
| 4:24 | Build | Stable |
| 4:27 | Build | Stable |
| 4:30 | Build | Stable |
| 4:34 | Research | Forging |
| 4:35 | Research | Scale Barding Armor |
| 4:36 | Research | Fletching |
| 4:37 | Research | Padded Archer Armor |
| 4:38 | Research | Padded Archer Armor |
| 4:41 | Build | Blacksmith |
| 4:45 | Build | Stable |
| 4:54 | Create | Militia ×5 |
| 4:57 | Create | Militia ×5 |
| 5:03 | Build | House |
| 5:05 | Build | House |
| 5:05 | Build | House |
| 5:05 | Build | House |
| 5:06 | Build | House |
| 5:06 | Build | House |
| 5:06 | Build | House |
| 5:06 | Build | House |
| 5:07 | Build | House |
| 5:16 | Research | Bloodlines |
| 5:19 | Build | Stable |
| 5:22 | Build | Stable |
| 5:23 | Build | Stable |
| 5:23 | Build | Stable |
| 5:24 | Build | Stable |
| 5:24 | Build | Stable |
| 5:25 | Build | Stable |
| 5:26 | Build | Stable |
| 5:26 | Build | Stable |
| 5:26 | Build | Stable |
| 5:27 | Build | Stable |
| 5:29 | Build | Stable |
| 5:30 | Build | Stable |
| 5:33 | Research | Scale Mail Armor |
| 5:34 | Research | Scale Mail Armor |
| 5:38 | Create | Villager (Male) |
| 5:53 | Create | Scout Cavalry ×5 |
| 5:55 | Create | Scout Cavalry ×5 |
| 5:57 | Create | Militia ×5 |
| 5:57 | Create | Militia ×5 |
| 6:17 | Create | Scout Cavalry ×5 |
| 6:20 | Create | Scout Cavalry ×5 |
| 6:46 | Create | Militia ×5 |
| 6:49 | Build | Barracks |
| 6:51 | Build | Barracks |
| 6:52 | Build | Barracks |
| 6:55 | Build | Barracks |
| 6:56 | Age | Castle Age |
| 7:00 | Research | Long Swordsman (upgrade) |
| 7:01 | Research | Squires |
| 7:02 | Research | Gambesons |
| 7:04 | Research | Iron Casting |
| 7:05 | Research | Bodkin Arrow |
| 7:07 | Research | Chain Barding Armor |
| 7:13 | Create | Villager (Male) |
| 7:13 | Create | Villager (Male) |
| 7:17 | Build | Monastery |
| 7:24 | Build | University |
| 7:30 | Research | Light Cavalry (upgrade) |
| 7:31 | Research | Light Cavalry (upgrade) |
| 7:32 | Research | Husbandry |
| 7:32 | Research | Husbandry |
| 7:35 | Research | Leather Archer Armor |
| 7:35 | Research | Leather Archer Armor |
| 7:40 | Build | House |
| 7:41 | Build | House |
| 7:41 | Build | House |
| 7:41 | Build | House |
| 7:42 | Build | House |
| 7:42 | Build | House |
| 7:42 | Build | House |
| 7:43 | Build | House |
| 7:45 | Create | Scout Cavalry ×5 |
| 7:46 | Create | Knight ×5 |
| 7:47 | Create | Knight ×5 |
| 7:47 | Create | Knight ×5 |
| 7:54 | Create | Militia ×5 |
| 7:54 | Create | Militia ×5 |
| 8:08 | Create | Militia ×5 |
| 8:19 | Create | Knight ×5 |
| 8:19 | Create | Knight ×5 |
| 8:21 | Create | Knight ×5 |
| 8:21 | Create | Knight ×5 |
| 8:21 | Create | Knight ×5 |
| 8:24 | Create | Militia ×5 |
| 8:25 | Create | Militia ×5 |
| 8:25 | Create | Militia ×5 |
| 8:30 | Research | Imperial Age |
| 8:32 | Research | Wheelbarrow |
| 8:45 | Research | Chain Mail Armor |
| 8:45 | Research | Chain Mail Armor |
| 8:53 | Build | Barracks |
| 8:55 | Build | Barracks |
| 8:55 | Build | Barracks |
| 8:55 | Build | Barracks |
| 8:56 | Build | Barracks |
| 8:56 | Build | Barracks |
| 9:00 | Build | Barracks |
| 9:03 | Build | Barracks |
| 9:04 | Build | Barracks |
Build order — alandanielhero
First 150 of 270 actions detected
| 0:06 | Create | Villager (Male) |
| 0:06 | Create | Villager (Male) |
| 0:06 | Create | Villager (Male) |
| 0:07 | Create | Villager (Male) |
| 0:07 | Create | Villager (Male) |
| 0:07 | Create | Villager (Male) |
| 0:10 | Build | House |
| 0:34 | Build | Barracks |
| 0:47 | Build | Barracks |
| 0:49 | Build | Barracks |
| 0:51 | Build | Barracks |
| 0:57 | Build | Barracks |
| 1:00 | Build | Barracks |
| 1:03 | Build | Barracks |
| 1:04 | Build | Barracks |
| 1:08 | Build | Barracks |
| 1:09 | Build | Barracks |
| 1:13 | Build | Barracks |
| 1:14 | Build | Barracks |
| 1:28 | Build | House |
| 1:29 | Build | House |
| 1:31 | Build | House |
| 1:33 | Build | House |
| 1:35 | Build | House |
| 1:37 | Build | House |
| 1:39 | Build | House |
| 1:40 | Build | House |
| 1:42 | Build | House |
| 1:43 | Build | House |
| 1:44 | Build | House |
| 1:46 | Build | House |
| 1:54 | Build | Barracks |
| 1:57 | Build | Barracks |
| 2:01 | Build | Barracks |
| 2:02 | Build | Barracks |
| 2:05 | Build | Barracks |
| 2:06 | Build | Barracks |
| 2:08 | Build | Barracks |
| 2:15 | Build | Barracks |
| 2:17 | Build | Barracks |
| 2:18 | Build | Barracks |
| 2:20 | Build | Barracks |
| 2:23 | Build | Barracks |
| 2:25 | Build | Barracks |
| 2:27 | Build | Barracks |
| 2:28 | Build | Barracks |
| 2:31 | Build | Barracks |
| 2:35 | Build | Barracks |
| 2:37 | Build | Barracks |
| 2:42 | Create | Villager (Male) |
| 2:42 | Create | Villager (Male) |
| 2:43 | Create | Villager (Male) |
| 2:43 | Create | Villager (Male) |
| 2:43 | Create | Villager (Male) |
| 2:44 | Create | Villager (Male) |
| 2:52 | Build | House |
| 2:54 | Build | House |
| 2:56 | Build | House |
| 2:57 | Build | House |
| 2:59 | Build | House |
| 3:00 | Build | House |
| 3:12 | Build | House |
| 3:16 | Build | House |
| 3:19 | Build | House |
| 3:20 | Build | House |
| 3:22 | Build | House |
| 3:24 | Build | House |
| 3:26 | Build | House |
| 3:27 | Build | House |
| 3:29 | Build | House |
| 3:37 | Build | Mining Camp |
| 4:03 | Create | Militia ×5 |
| 4:03 | Create | Militia ×5 |
| 4:04 | Create | Militia ×5 |
| 4:06 | Create | Militia ×5 |
| 4:32 | Research | Feudal Age |
| 5:44 | Create | Militia ×5 |
| 5:44 | Create | Militia ×5 |
| 5:44 | Create | Militia ×5 |
| 5:45 | Create | Militia ×5 |
| 5:45 | Create | Militia ×5 |
| 5:45 | Create | Militia ×5 |
| 5:45 | Create | Militia ×5 |
| 5:46 | Create | Militia ×5 |
| 5:46 | Create | Militia ×5 |
| 5:46 | Create | Militia ×5 |
| 5:46 | Create | Militia ×5 |
| 5:47 | Create | Militia ×5 |
| 5:47 | Create | Militia ×5 |
| 5:47 | Create | Militia ×5 |
| 5:48 | Create | Militia ×5 |
| 5:48 | Create | Militia ×5 |
| 5:48 | Create | Militia ×5 |
| 5:49 | Create | Militia ×5 |
| 5:49 | Create | Militia ×5 |
| 5:49 | Create | Militia ×5 |
| 5:50 | Create | Militia ×5 |
| 5:50 | Create | Militia ×5 |
| 5:50 | Create | Militia ×5 |
| 5:50 | Create | Militia ×5 |
| 6:05 | Build | House |
| 6:06 | Build | House |
| 6:08 | Build | House |
| 6:12 | Build | House |
| 6:13 | Build | House |
| 6:15 | Build | House |
| 6:43 | Age | Feudal Age |
| 6:53 | Research | Man-at-Arms (upgrade) |
| 7:04 | Build | Blacksmith |
| 7:34 | Create | Villager (Male) |
| 7:34 | Create | Villager (Male) |
| 7:59 | Research | Forging |
| 8:00 | Research | Scale Mail Armor |
| 8:01 | Research | Fletching |
| 8:02 | Research | Padded Archer Armor |
| 8:02 | Research | Scale Barding Armor |
| 8:09 | Build | Stable |
| 8:13 | Build | Stable |
| 8:17 | Build | Stable |
| 8:20 | Build | Stable |
| 8:24 | Build | Stable |
| 8:27 | Build | Stable |
| 8:33 | Build | Stable |
| 8:36 | Build | Stable |
| 8:38 | Build | Stable |
| 8:40 | Build | Stable |
| 8:55 | Create | Militia ×5 |
| 8:55 | Create | Militia ×5 |
| 8:55 | Create | Militia ×5 |
| 8:56 | Create | Militia ×5 |
| 8:56 | Create | Militia ×5 |
| 8:56 | Create | Militia ×5 |
| 8:56 | Create | Militia ×5 |
| 8:57 | Create | Militia ×5 |
| 8:57 | Create | Militia ×5 |
| 8:57 | Create | Militia ×5 |
| 8:57 | Create | Militia ×5 |
| 8:58 | Create | Militia ×5 |
| 8:58 | Create | Militia ×5 |
| 8:58 | Create | Militia ×5 |
| 8:59 | Create | Militia ×5 |
| 8:59 | Create | Militia ×5 |
| 8:59 | Create | Militia ×5 |
| 8:59 | Create | Militia ×5 |
| 9:00 | Create | Militia ×5 |
| 9:00 | Create | Militia ×5 |
| 9:00 | Create | Militia ×5 |
| 9:01 | Create | Militia ×5 |
| 9:01 | Create | Militia ×5 |
| 9:01 | Create | Militia ×5 |
Build order — iCantGo4that89
76 actions detected in the replay
| 0:16 | Build | House |
| 0:19 | Create | Villager (Male) |
| 0:19 | Create | Villager (Male) |
| 0:20 | Create | Villager (Male) |
| 0:20 | Create | Villager (Male) |
| 2:09 | Build | House |
| 2:10 | Build | House |
| 2:11 | Build | House |
| 2:12 | Build | House |
| 2:19 | Build | Barracks |
| 2:20 | Build | Barracks |
| 2:31 | Build | Barracks |
| 2:32 | Build | Barracks |
| 2:33 | Build | Barracks |
| 2:40 | Build | House |
| 2:41 | Build | House |
| 2:43 | Build | House |
| 2:43 | Build | House |
| 2:46 | Build | House |
| 2:47 | Build | House |
| 2:49 | Build | House |
| 2:53 | Build | House |
| 2:55 | Build | House |
| 2:56 | Build | House |
| 3:09 | Build | Mining Camp |
| 3:19 | Build | Lumber Camp |
| 3:32 | Create | Militia |
| 3:32 | Create | Militia |
| 3:33 | Create | Militia |
| 3:33 | Create | Militia |
| 3:33 | Create | Militia |
| 3:34 | Create | Militia |
| 4:05 | Research | Feudal Age |
| 4:14 | Create | Militia |
| 4:15 | Create | Militia |
| 4:15 | Create | Militia |
| 4:15 | Create | Militia |
| 4:16 | Create | Militia ×5 |
| 4:16 | Create | Militia ×2 |
| 4:35 | Build | House |
| 4:36 | Build | House |
| 4:38 | Build | House |
| 4:40 | Build | House |
| 4:42 | Build | House |
| 4:43 | Build | House |
| 4:46 | Build | House |
| 4:49 | Build | House |
| 4:50 | Build | House |
| 4:52 | Build | House |
| 4:58 | Build | House |
| 4:59 | Build | House |
| 4:59 | Build | House |
| 5:03 | Build | House |
| 5:05 | Build | House |
| 5:06 | Build | House |
| 5:26 | Build | Barracks |
| 5:29 | Create | Militia |
| 5:29 | Create | Militia |
| 5:30 | Create | Militia |
| 5:30 | Create | Militia |
| 5:30 | Create | Militia |
| 5:31 | Create | Militia ×5 |
| 5:31 | Create | Militia ×5 |
| 5:31 | Create | Militia ×5 |
| 5:32 | Create | Militia ×5 |
| 5:32 | Create | Militia ×5 |
| 5:32 | Create | Militia ×5 |
| 5:33 | Create | Militia ×5 |
| 5:33 | Create | Militia ×5 |
| 6:26 | Research | Man-at-Arms (upgrade) |
| 6:36 | Build | House |
| 6:53 | Research | Wheelbarrow |
| 7:16 | Create | Militia ×5 |
| 7:16 | Create | Militia ×5 |
| 7:41 | Create | Militia ×5 |
| 7:42 | Create | Militia ×5 |
Build order — zatta_lira
First 150 of 247 actions detected
| 0:08 | Build | House |
| 0:12 | Build | House |
| 0:23 | Create | Villager (Male) |
| 0:23 | Create | Villager (Male) |
| 0:23 | Create | Villager (Male) |
| 0:24 | Create | Villager (Male) |
| 0:24 | Create | Villager (Male) |
| 0:24 | Create | Villager (Male) |
| 0:25 | Create | Villager (Male) |
| 0:39 | Research | Loom |
| 1:17 | Build | Barracks |
| 1:39 | Build | Mill |
| 1:46 | Build | House |
| 1:48 | Build | House |
| 1:50 | Build | House |
| 1:52 | Build | House |
| 1:56 | Build | House |
| 1:59 | Build | House |
| 2:13 | Build | Lumber Camp |
| 2:27 | Research | Feudal Age |
| 2:39 | Build | House |
| 2:41 | Build | House |
| 2:42 | Build | House |
| 2:44 | Build | House |
| 2:51 | Create | Militia |
| 2:51 | Create | Militia |
| 2:51 | Create | Militia |
| 2:52 | Create | Militia |
| 2:52 | Create | Militia |
| 2:52 | Create | Militia |
| 2:53 | Create | Militia |
| 2:53 | Create | Militia |
| 2:54 | Create | Militia |
| 2:54 | Create | Militia |
| 2:55 | Create | Militia |
| 2:55 | Create | Militia |
| 2:55 | Create | Militia |
| 2:56 | Create | Militia |
| 2:56 | Create | Militia |
| 3:26 | Build | House |
| 3:27 | Build | House |
| 3:29 | Build | House |
| 3:31 | Build | House |
| 3:33 | Build | House |
| 3:34 | Build | House |
| 3:46 | Build | House |
| 3:49 | Build | House |
| 3:50 | Build | House |
| 3:53 | Build | House |
| 3:55 | Build | House |
| 3:57 | Build | House |
| 4:37 | Age | Feudal Age |
| 5:04 | Build | Barracks |
| 5:08 | Research | Man-at-Arms (upgrade) |
| 5:09 | Research | Arson |
| 5:10 | Create | Spearman |
| 5:11 | Create | Spearman |
| 5:11 | Create | Spearman |
| 5:11 | Create | Spearman |
| 5:21 | Build | Archery Range |
| 5:33 | Build | Stable |
| 5:36 | Create | Villager (Male) |
| 5:37 | Create | Villager (Male) |
| 5:37 | Create | Villager (Male) |
| 5:37 | Create | Villager (Male) |
| 5:38 | Create | Villager (Male) |
| 5:47 | Build | Blacksmith |
| 6:02 | Create | Spearman |
| 6:02 | Create | Spearman |
| 6:02 | Create | Spearman |
| 6:03 | Create | Spearman |
| 6:03 | Create | Spearman |
| 6:03 | Create | Spearman |
| 6:09 | Create | Spearman |
| 6:09 | Create | Spearman |
| 6:10 | Create | Spearman |
| 6:10 | Create | Spearman |
| 6:18 | Research | Wheelbarrow |
| 6:20 | Research | Town Watch |
| 6:24 | Research | Loom |
| 6:25 | Research | Castle Age |
| 6:39 | Build | Market |
| 6:47 | Create | Skirmisher |
| 6:47 | Create | Skirmisher |
| 6:48 | Create | Skirmisher |
| 6:48 | Create | Skirmisher |
| 6:48 | Create | Skirmisher |
| 6:49 | Create | Skirmisher |
| 6:49 | Create | Skirmisher |
| 6:49 | Create | Skirmisher |
| 6:49 | Create | Skirmisher |
| 6:50 | Create | Skirmisher |
| 7:24 | Build | Stable |
| 7:29 | Build | Stable |
| 8:40 | Create | Spearman |
| 8:41 | Create | Spearman |
| 8:41 | Create | Spearman |
| 8:41 | Create | Spearman |
| 8:44 | Create | Militia |
| 8:44 | Create | Militia |
| 8:56 | Research | Forging |
| 8:57 | Research | Scale Mail Armor |
| 8:58 | Research | Padded Archer Armor |
| 8:59 | Research | Fletching |
| 9:00 | Research | Scale Barding Armor |
| 9:12 | Build | Watch Tower |
| 9:34 | Build | Stable |
| 9:39 | Build | Stable |
| 9:45 | Build | Stable |
| 9:56 | Research | Town Watch |
| 10:07 | Build | Watch Tower |
| 10:21 | Age | Castle Age |
| 10:32 | Research | Gambesons |
| 10:33 | Research | Squires |
| 10:34 | Research | Pikeman (upgrade) |
| 10:35 | Research | Long Swordsman (upgrade) |
| 10:39 | Create | Militia |
| 10:39 | Create | Militia |
| 10:39 | Create | Militia |
| 10:40 | Create | Militia |
| 10:40 | Create | Militia |
| 10:40 | Create | Militia |
| 10:41 | Create | Militia |
| 10:41 | Create | Militia |
| 10:42 | Create | Militia |
| 10:42 | Create | Militia |
| 10:43 | Create | Militia |
| 10:44 | Create | Militia |
| 10:49 | Create | Militia |
| 10:54 | Research | Husbandry |
| 10:55 | Create | Knight |
| 10:55 | Create | Knight |
| 10:55 | Create | Knight |
| 10:56 | Create | Knight |
| 10:56 | Create | Knight |
| 10:56 | Create | Knight |
| 10:57 | Create | Knight |
| 10:57 | Create | Knight |
| 10:57 | Create | Knight |
| 10:57 | Create | Knight |
| 11:06 | Create | Knight |
| 11:06 | Create | Knight |
| 11:07 | Create | Knight |
| 11:07 | Create | Knight |
| 11:07 | Create | Knight |
| 11:08 | Create | Knight |
| 11:08 | Create | Knight |
| 11:08 | Create | Knight |
| 11:09 | Create | Knight |
| 11:09 | Create | Knight |
Build order — jaimenovad
44 actions detected in the replay
| 0:12 | Build | House |
| 0:17 | Build | House |
| 0:35 | Build | Barracks |
| 0:38 | Create | Villager (Male) ×5 |
| 0:39 | Create | Villager (Male) ×5 |
| 0:39 | Create | Villager (Male) ×5 |
| 0:47 | Build | House |
| 0:48 | Build | House |
| 0:50 | Build | House |
| 0:51 | Build | House |
| 1:53 | Build | Barracks |
| 1:54 | Build | Barracks |
| 2:32 | Build | Lumber Camp |
| 2:52 | Build | Mill |
| 3:16 | Research | Feudal Age |
| 4:52 | Build | Barracks |
| 4:53 | Build | Barracks |
| 4:56 | Build | Barracks |
| 5:44 | Age | Feudal Age |
| 5:48 | Build | Market |
| 5:52 | Create | Villager (Male) |
| 5:52 | Create | Villager (Male) |
| 6:06 | Build | Archery Range |
| 6:35 | Create | Villager (Male) |
| 6:59 | Build | Blacksmith |
| 7:10 | Research | Castle Age |
| 7:24 | Create | Spearman ×5 |
| 7:25 | Create | Spearman ×5 |
| 7:32 | Build | Barracks |
| 7:33 | Build | Barracks |
| 7:34 | Build | Barracks |
| 7:35 | Build | Barracks |
| 7:50 | Research | Forging |
| 7:57 | Build | House |
| 7:57 | Build | House |
| 7:57 | Build | House |
| 7:58 | Build | House |
| 7:58 | Build | House |
| 7:59 | Build | House |
| 7:59 | Build | House |
| 7:59 | Build | House |
| 8:00 | Build | House |
| 8:07 | Create | Spearman ×5 |
| 8:07 | Create | Spearman ×5 |
Build order — Dr.Bojingle
First 150 of 181 actions detected
| 0:02 | Create | Villager (Male) |
| 0:02 | Create | Villager (Male) |
| 0:03 | Create | Villager (Male) |
| 0:03 | Create | Villager (Male) |
| 0:05 | Build | House |
| 0:07 | Build | House |
| 0:36 | Build | Barracks |
| 0:39 | Build | House |
| 0:49 | Build | Lumber Camp |
| 1:05 | Build | Mill |
| 1:29 | Build | Barracks |
| 1:30 | Build | Barracks |
| 1:35 | Research | Feudal Age |
| 1:45 | Build | House |
| 1:51 | Build | House |
| 1:53 | Build | House |
| 1:55 | Build | House |
| 2:09 | Create | Militia |
| 2:10 | Create | Militia |
| 2:10 | Create | Militia |
| 2:10 | Create | Militia |
| 2:11 | Create | Militia |
| 2:14 | Create | Militia |
| 2:14 | Create | Militia |
| 2:14 | Create | Militia |
| 2:15 | Create | Militia |
| 2:15 | Create | Militia |
| 2:25 | Build | House |
| 2:29 | Build | House |
| 2:32 | Build | House |
| 2:41 | Build | Barracks |
| 3:07 | Build | House |
| 3:09 | Build | House |
| 3:10 | Build | House |
| 3:14 | Create | Militia |
| 3:14 | Create | Militia |
| 3:14 | Create | Militia |
| 3:15 | Create | Militia |
| 3:22 | Build | Barracks |
| 3:24 | Build | Barracks |
| 3:25 | Build | Barracks |
| 3:27 | Build | Barracks |
| 3:41 | Age | Feudal Age |
| 3:48 | Create | Villager (Male) |
| 3:58 | Build | Market |
| 4:03 | Research | Man-at-Arms (upgrade) |
| 4:04 | Research | Arson |
| 4:09 | Build | Blacksmith |
| 4:14 | Create | Militia |
| 4:15 | Create | Militia |
| 4:15 | Create | Militia |
| 4:15 | Create | Militia |
| 4:15 | Create | Militia |
| 4:25 | Build | House |
| 4:26 | Build | House |
| 4:27 | Build | House |
| 4:32 | Create | Militia |
| 4:33 | Create | Militia |
| 4:33 | Create | Militia |
| 4:44 | Research | Scale Mail Armor |
| 4:44 | Research | Forging |
| 4:57 | Create | Militia |
| 4:57 | Create | Militia |
| 4:57 | Create | Militia |
| 5:27 | Research | Castle Age |
| 5:36 | Build | Stable |
| 5:38 | Build | Stable |
| 5:40 | Build | Stable |
| 5:42 | Build | Stable |
| 5:44 | Build | Stable |
| 5:45 | Build | Stable |
| 5:47 | Build | Stable |
| 5:50 | Build | Stable |
| 5:56 | Create | Militia |
| 5:57 | Create | Militia |
| 5:57 | Create | Militia |
| 5:57 | Create | Militia |
| 5:58 | Create | Militia |
| 5:58 | Create | Militia |
| 5:58 | Create | Militia |
| 5:58 | Create | Militia |
| 5:59 | Create | Militia |
| 5:59 | Create | Militia |
| 5:59 | Create | Militia |
| 6:31 | Research | Bloodlines |
| 6:40 | Create | Militia ×5 |
| 6:40 | Create | Militia ×5 |
| 6:40 | Create | Militia ×5 |
| 6:40 | Create | Militia ×5 |
| 7:25 | Build | House |
| 7:26 | Build | House |
| 7:27 | Build | House |
| 7:28 | Build | House |
| 7:29 | Build | House |
| 7:30 | Build | House |
| 7:34 | Create | Militia ×5 |
| 7:35 | Create | Militia ×5 |
| 7:35 | Create | Militia ×5 |
| 7:35 | Create | Militia ×5 |
| 7:35 | Create | Militia ×5 |
| 7:36 | Create | Militia ×5 |
| 7:36 | Create | Militia ×5 |
| 7:36 | Create | Militia ×5 |
| 7:37 | Create | Militia ×5 |
| 7:53 | Age | Castle Age |
| 7:58 | Research | Long Swordsman (upgrade) |
| 7:59 | Research | Chain Mail Armor |
| 7:59 | Research | Iron Casting |
| 8:17 | Build | Town Center |
| 8:21 | Create | Villager (Male) |
| 8:21 | Create | Villager (Male) |
| 8:22 | Create | Villager (Male) |
| 8:22 | Create | Villager (Male) |
| 8:22 | Create | Villager (Male) |
| 8:23 | Research | Loom |
| 8:23 | Research | Wheelbarrow |
| 8:25 | Research | Town Watch |
| 8:29 | Research | Wheelbarrow |
| 9:15 | Research | Gambesons |
| 9:16 | Research | Squires |
| 9:49 | Create | Knight ×5 |
| 9:49 | Create | Knight ×5 |
| 9:50 | Create | Knight ×5 |
| 9:50 | Create | Knight ×5 |
| 10:09 | Research | Husbandry |
| 10:11 | Research | Scale Barding Armor |
| 10:14 | Build | Blacksmith |
| 10:16 | Create | Villager (Male) |
| 10:16 | Create | Villager (Male) |
| 10:16 | Create | Villager (Male) |
| 10:17 | Create | Villager (Male) |
| 10:42 | Build | Monastery |
| 10:44 | Build | University |
| 10:49 | Create | Villager (Male) ×5 |
| 10:49 | Create | Villager (Male) ×5 |
| 10:49 | Create | Villager (Male) ×5 |
| 10:49 | Create | Villager (Male) ×5 |
| 10:50 | Create | Villager (Male) ×5 |
| 10:50 | Create | Villager (Male) ×5 |
| 11:14 | Research | Chain Barding Armor |
| 11:17 | Create | Knight |
| 11:17 | Create | Knight |
| 11:17 | Create | Knight |
| 12:32 | Build | Castle |
| 12:39 | Research | Imperial Age |
| 12:41 | Research | Town Patrol |
| 12:46 | Build | House |
| 12:47 | Build | House |
| 12:47 | Build | House |
| 12:48 | Build | House |
Match timeline
| 0:33 | mati_sj · first_building Barracks |
| 0:34 | alandanielhero · first_building Barracks |
| 0:35 | jaimenovad · first_building Barracks |
| 0:36 | Dr.Bojingle · first_building Barracks |
| 1:17 | zatta_lira · first_building Barracks |
| 2:19 | iCantGo4that89 · first_building Barracks |
| 3:26 | mati_sj · age_up feudal |
| 3:41 | Dr.Bojingle · age_up feudal |
| 4:24 | mati_sj · first_building Stable |
| 4:37 | zatta_lira · age_up feudal |
| 5:21 | zatta_lira · first_building Archery Range |
| 5:33 | zatta_lira · first_building Stable |
| 5:36 | Dr.Bojingle · first_building Stable |
| 5:44 | jaimenovad · age_up feudal |
| 6:06 | jaimenovad · first_building Archery Range |
| 6:43 | alandanielhero · age_up feudal |
| 6:56 | mati_sj · age_up castle |
| 7:17 | mati_sj · first_building Monastery |
| 7:53 | Dr.Bojingle · age_up castle |
| 8:09 | alandanielhero · first_building Stable |
| 8:31 | jaimenovad · resign |
| 10:21 | zatta_lira · age_up castle |
| 10:42 | Dr.Bojingle · first_building Monastery |
| 11:17 | mati_sj · first_building Castle |
| 11:24 | zatta_lira · first_building Castle |
| 11:40 | mati_sj · age_up imperial |
| 11:55 | alandanielhero · age_up castle |
| 12:32 | Dr.Bojingle · first_building Castle |
| 13:36 | alandanielhero · first_building Castle |
| 14:33 | Dr.Bojingle · first_building Siege Workshop |
[ AI ANALYSIS · 1 CREDIT ]
What really happened in this match?
Wolo.gg analyzes every decision: build order, eco, micro, common mistakes by bracket. Personalized analysis on WhatsApp or Discord in 30 seconds.
Civ guide
Spanish
Perfil
Jugador #3211222